 Dungeon Crawl Stone Soup version 0.24.0-1-gfbc8707122 (webtiles) character file.

Game seed: 1750935421889429928, levelgen mode: deterministic

1372 Beldrama the Cleaver (level 8, 0/70 HPs)
             Began as a Hill Orc Abyssal Knight on Oct 28, 2019.
             Was a Priest of Lugonu.
             Slain by an orc warrior
             ... wielding a cursed -1 scimitar
              (13 damage)
             ... on level 6 of the Dungeon.
             The game lasted 00:26:36 (6917 turns).

Beldrama the Cleaver (Hill Orc Abyssal Knight)      Turns: 6917, Time: 00:26:36

Health: 0/70       AC:  6    Str: 17    XL:     8   Next: 65%
Magic:  9/9        EV: 11    Int: 12    God:    Lugonu [***...]
Gold:   310        SH:  0    Dex: 10    Spells: 7/7 levels left

rFire    . . .     SeeInvis .   a - +2 hand axe
rCold    . . .     Gourm    .   (no shield)
rNeg     . . .     Faith    .   s - +0 ring mail
rPois    .         Spirit   .   (no helmet)
rElec    .         Reflect  .   (no cloak)
rCorr    .         Harm     .   k - +2 pair of gloves
MR       .....                  (no boots)
Stlth    ..........             (no amulet)
HPRegen  0.21/turn              (no ring)
MPRegen  0.11/turn              (no ring)

@: no status effects
A: hooves 1, deformed body, low mp 1, MP-powered wands
a: Depart the Abyss, Bend Space, Banish, Renounce Religion


You were on level 6 of the Dungeon.
You worshipped Lugonu.
Lugonu was most pleased with you.
You were not hungry.

You visited 2 branches of the dungeon, and saw 8 of its levels.
You visited the Abyss 1 time.
You also visited: Ossuary.

You collected 310 gold pieces.

Inventory:

Hand Weapons
 a - a +2 hand axe (weapon)
Missiles
 e - 52 stones (quivered)
 q - 6 boomerangs
Armour
 k - a +2 pair of gloves (worn)
 s - a +0 ring mail (worn)
Jewellery
 i - an uncursed ring of poison resistance
Wands
 u - a wand of enslavement (6)
Scrolls
 b - a scroll of fog
 d - 9 scrolls of identify
 j - 3 scrolls of magic mapping
 l - 5 scrolls of amnesia
 m - 7 scrolls of remove curse
 n - a scroll of enchant armour
 r - a scroll of teleportation
Potions
 f - a potion of cancellation
 g - a potion of might
 h - a potion of resistance
 o - 2 potions of agility
 p - a potion of flight
 t - a potion of curing
Comestibles
 c - 12 rations
 v - 8 chunks of flesh


   Skills:
 + Level 6.0 Fighting
 * Level 11.1 Axes
 + Level 4.0 Armour
 + Level 2.3 Dodging
 + Level 3.0 Invocations


You had 7 spell levels left.
You didn't know any spells.
Your spell library was empty.

Dungeon Overview and Level Annotations

Branches:
Dungeon (7/15)             Temple (1/1) D:4         Ossuary (visited)

Altars:
Ashenzari
Cheibriados
Dithmenos
Elyvilon
Fedhas
Gozag
Hepliaklqana
Makhleb
Sif Muna
Wu Jian
Xom
Yredelemnul
Zin
Lugonu

Shops:
D:4 =   D:6 [


Innate Abilities, Weirdness & Mutations

You have large cloven feet.
Armour fits poorly on your strangely shaped body.
Your magical capacity is low. (-10% MP)
You expend magic power (3 MP) to strengthen your wands.


Message History

The orc warrior hits you with a cursed -1 scimitar!
The orc throws a boomerang.
The boomerang hits you.
The weapon returns to the orc!
There is a stone staircase leading up here.
The orc warrior barely misses you.
You climb upwards.
There is a stone staircase leading down here.
Okay, then.
Okay, then.
Press: ? - help, Shift-Dir - straight line, f - orc warrior
Aim: an orc warrior, wielding a -1 scimitar and wearing a +0 plate armour (severely wounded, chance to defeat MR: 81%)
You fail to use your ability.
You hit the orc warrior but do no damage.
The orc warrior is severely wounded.
The orc warrior hits you with a cursed -1 scimitar!
* * * LOW HITPOINT WARNING * * *
You hit the orc warrior. Your kick misses the orc warrior.
The orc warrior is almost dead.
The orc warrior hits you with a cursed -1 scimitar!
You die...

▒∙≈∙∙▒ ▒>≈∙∙)
▒∙≈∙∙▒ ▒▒▒▒▒▒ ▒▒▒▒▒
▒∙∙∙▒ ▒▒▒▒▒▒▒▒▒
▒∙∙)▒
▒▒▒∙∙∙∙∙∙∙▒▒▒▒∙∙∙∙
▒@▒∙▄∙∙∙▄∙▒▒∙∙∙∙∙∙
▒o▒∙∙∙∙∙∙∙▒▒∙∙∙∙∙∙
▒∙▒▒∙∙∙∙∙▒▒∙∙∙∙∙∙∙
▒▒∙∙▒▒▒'▒▒▒▒▒▒▒∙∙∙>
▒∙∙∙∙∙∙∙∙▒ ▒∙∙∙∙
▒∙∙∙∙∙∙∙∙▒ ▒∙∙∙∙
▒∙∙∙∙∙∙∙∙▒ ▒∙∙∙∙
▒∙∙∙∙∙∙∙∙▒ ▒▒▒▒▒
▒▒∙∙∙∙∙∙∙▒▒▒▒▒▒▒▒▒∙


You could see an orc warrior.

Vanquished Creatures
  A sky beast (D:6)
  A phantom (D:7)
  2 ogres
  2 bullfrogs (D:6)
  2 water moccasin zombies (Ossuary)
  2 scorpions
  A crimson imp (D:7)
  2 orc priests (D:6)
  2 hounds
  3 orc wizards
  2 bullfrog skeletons
  3 worker ants
  3 big kobold zombies (Ossuary)
  2 mummies (Ossuary)
  2 worker ant zombies
  A howler monkey zombie (D:6)
  3 adders
  4 gnolls (D:3)
  4 adder zombies (Ossuary)
  An adder skeleton (D:6)
  3 worms
  4 leopard geckos
  13 orcs
  6 giant cockroaches
  8 goblins
  9 hobgoblins
  4 jackals (D:2)
  2 quokkas
  A ball python (D:4)
  A ball python skeleton (D:5)
  4 bats
  4 frilled lizards
  4 gnoll zombies (Ossuary)
  6 hobgoblin zombies (Ossuary)
  11 kobolds
  4 kobold zombies (Ossuary)
  8 orc zombies (Ossuary)
  7 rats
142 creatures vanquished.

Notes
Turn   | Place    | Note
-------+----------+-------------------------------------------
     0 | Abyss:1  | Beldrama the Hill Orc Abyssal Knight began the quest for
                  | the Orb.
     0 | Abyss:1  | Reached XP level 1. HP: 19/19 MP: 2/2
    52 | Abyss:1  | Noticed a sixfirhy
    53 | D:1      | Escaped the Abyss
   200 | D:1      | Reached XP level 2. HP: 24/27 MP: 4/4
   209 | D:1      | Reached skill level 3 in Axes
   237 | D:1      | Reached * piety under Lugonu
   646 | D:1      | Reached XP level 3. HP: 31/33 MP: 5/5
  1386 | D:2      | Found a shadowy altar of Dithmenos.
  1486 | D:2      | Reached skill level 4 in Axes
  1805 | D:3      | Reached skill level 1 in Dodging
  1805 | D:3      | Reached XP level 4. HP: 34/41 MP: 6/6
  1811 | D:3      | Reached ** piety under Lugonu
  2500 | D:3      | Found a white marble altar of Elyvilon.
  2506 | D:3      | Found a snail-covered altar of Cheibriados.
  2533 | D:3      | Reached skill level 5 in Axes
  2650 | D:3      | Found a shattered altar of Ashenzari.
  2654 | D:3      | Saw a vision of the Shoals and the Snake Pit.
  2654 | D:3      | Noticed a black mamba
  2654 | D:3      | Noticed a shock serpent
  2654 | D:3      | Noticed a hippogriff
  2654 | D:3      | Noticed a sea snake
  2654 | D:3      | Noticed a merfolk
  2654 | D:3      | Noticed a shock serpent
  2656 | D:3      | Noticed a sea snake
  2656 | D:3      | Noticed a merfolk
  2825 | D:4      | Found a staircase to the Ecumenical Temple.
  2838 | D:4      | Reached XP level 5. HP: 40/47 MP: 7/7
  3092 | Temple   | Entered the Ecumenical Temple
  3207 | D:4      | Found Leplum's Jewellery Shop.
  3618 | D:4      | Found a hazy altar of Hepliaklqana.
  3635 | D:4      | Reached skill level 6 in Axes
  3638 | D:4      | Gained mutation: Your magical capacity is low. (-10% MP)
                  | [potion of mutation]
  3638 | D:4      | Gained mutation: Armour fits poorly on your strangely
                  | shaped body. [potion of mutation]
  3638 | D:4      | Gained mutation: You have large cloven feet. [potion of
                  | mutation]
  3638 | D:4      | Gained mutation: You expend magic power (3 MP) to
                  | strengthen your wands. [potion of mutation]
  3857 | D:5      | Entered Level 5 of the Dungeon
  3862 | D:5      | Reached XP level 6. HP: 52/53 MP: 7/7
  3881 | D:5      | Found a sand-covered staircase.
  3891 | Ossuary  | Entered an ossuary
  4036 | Ossuary  | Reached skill level 7 in Axes
  4144 | Ossuary  | Reached *** piety under Lugonu
  4343 | Ossuary  | Reached XP level 7. HP: 54/60 MP: 8/8
  4410 | Ossuary  | Reached skill level 5 in Fighting
  4564 | D:5      | Reached skill level 8 in Axes
  5285 | D:6      | Reached skill level 9 in Axes
  5639 | D:6      | Found a glowing silver altar of Zin.
  5640 | D:6      | Found an opulent altar of Gozag.
  5763 | D:6      | Reached XP level 8. HP: 48/69 MP: 9/9
  5876 | D:6      | Found Xoiq's Antique Armour Emporium.
  6146 | D:6      | Reached skill level 10 in Axes
  6199 | D:6      | Found a shimmering blue altar of Sif Muna.
  6805 | D:7      | Reached skill level 11 in Axes
  6894 | D:7      | Noticed a hippogriff
  6917 | D:6      | Slain by an orc warrior

Levels and vault maps discovered:
D:1:      minmay_arrival_widening_spiral_wide, layout_basic,
          supply_closet_lemuel
D:2:      layout_basic, nicolae_overflow_hidden_temple
D:3:      layout_rooms, nicolae_overflow_crystal_walls, cheibriados_altar_1,
          first_ration, minivault_27, grunt_ashenzari_visionary
          [grunt_ashenzari_visionary_shoals, grunt_ashenzari_visionary_snake]
D:4:      layout_loops_corners, kennysheep_little_box,
          minmay_temple_entry_stoned_glass, serial_rivers,
          chequers_serial_rivers_micro_c, chequers_serial_rivers_micro_b,
          chequers_serial_rivers_room_b, chequers_serial_rivers_micro_a,
          serial_shops, shop
D:5:      layout_basic, enter_ossuary_2, lemuel_flamethrower_1
D:6:      layout_basic, grunt_temple_overflow_gold_and_silver, led_sif_book,
          serial_shops, nicolae_shop_stone
D:7:      layout_cave_pools, okawaru_trees_2, serial_rivers,
          chequers_serial_rivers_micro_c, chequers_serial_rivers_large_b,
          chequers_serial_rivers_micro_c, chequers_serial_rivers_micro_b
Temple:   corrupted_temple

Skill      XL: |  1  2  3  4  5  6  7  8 |
---------------+-------------------------+-----
Axes           | 3 4 5 6 7 9 11 | 11.1
Fighting       | 4 5 6 |  6.0
Invocations    | 3 |  3.0
Dodging        | 1 2 |  2.3
Armour         | 3 4 |  4.0

Action                   |  1- 3 |  4- 6 |  7- 9 || total
-------------------------+-------+-------+-------++-------
Melee: Hand axe          |   120 |   230 |   180 ||   530
       Kick              |       |    38 |    50 ||    88
Throw: Stone             |       |     5 |   152 ||   157
Invok: Depart the Abyss  |     1 |       |       ||     1
  Use: Scroll            |     9 |     2 |     2 ||    13
       Potion            |     5 |     6 |     2 ||    13
  Eat: Chunk             |     3 |     7 |     6 ||    16
       Ration            |       |       |     1 ||     1
Armor: Leather armour    |    45 |    47 |    22 ||   114
       Ring mail         |       |       |    13 ||    13
Dodge: Dodged            |    66 |   100 |    76 ||   242
